 Dungeon Crawl Stone Soup version 0.31-a0-1042-ga9834b393d (webtiles) character file.

Game seed: 16087557362886839494

1950 Maratek the Ruffian (level 8, -4/81 HPs)
             Began as a Troll Fighter on Nov 20, 2023.
             Was an Initiate of Hepliaklqana.
             Slain by a two-headed ogre
             ... wielding a +0 giant spiked club
              (24 damage)
             ... on level 8 of the Dungeon.
             The game lasted 00:07:47 (4301 turns).

Maratek the Ruffian (Troll Fighter)                 Turns: 4301, Time: 00:07:48

Health: -4/81      AC:  5    Str: 33    XL:     8   Next: 99%
Magic:  7/7        EV: 10    Int:  4    God:    Hepliaklqana [......]
Gold:   183        SH:  9    Dex:  9    Spells: 7/7 levels left

rFire   . .          .
                       - Unarmed
rCold   . . .        b - +0 kite shield
rNeg    . . .        a - +0 robe
rPois   .            (helmet restricted)
rElec   .            o - +0 cloak
rCorr   .            (gloves unavailable)
SInv    .            (boots unavailable)
Will    +....        (no amulet)
Stlth   +            g - ring of willpower
HPRegen 1.13/turn    h - +6 ring of strength
MPRegen 0.10/turn

%: no passive effects
@: no status effects
A: large, unfitting armour, claws 3, regeneration 1, shaggy fur 1, tough skin 1
a: Renounce Religion


You were on level 8 of the Dungeon.
You worshipped Hepliaklqana.
Hepliaklqana was noncommittal.
You visited 2 branches of the dungeon, and saw 9 of its levels.

You collected 183 gold pieces.

Inventory:

Missiles
 m - 2 large rocks (quivered)
Armour
 a - a +0 robe (worn)
 b - a +0 kite shield (worn)
 o - a +0 cloak (worn)
Jewellery
 g - a ring of willpower (left claw)
 h - a +6 ring of strength (right claw)
Wands
 s - a wand of flame (25)
Scrolls
 e - 5 scrolls of teleportation
 f - 4 scrolls of summoning
 i - 2 scrolls of enchant weapon
 k - 2 scrolls of revelation
 l - a scroll of fear
 q - a scroll of immolation
Potions
 c - a potion of might
 d - a potion of curing
 j - 3 potions of invisibility
 n - a potion of haste
 p - a potion of brilliance {unknown}
 r - a potion of magic {unknown}
 t - a potion of attraction {unknown}
 u - a potion of ambrosia {unknown}
 w - a potion of cancellation {unknown}
 x - a potion of berserk rage {unknown}


   Skills:
 + Level 5.4 Fighting
 + Level 5.4 Dodging
 + Level 6.0 Shields
 + Level 6.1 Unarmed Combat


You had 7 spell levels left.
You didn't know any spells.
Your spell library contained the following spells:

 Spells                   Type           Power      Damage    Failure   Level
 Shock                    Conj/Air       0%         1d3       67%         1
 Inner Flame              Hex/Fire       0%         N/A       96%         3
 Stone Arrow              Conj/Erth      0%         3d7       96%         3
 Swiftness                Air            0%         N/A       96%         3
 Airstrike                Air            0%         2d(0-16)  100%        4
 Animate Armour           Summ/Erth      0%         N/A       100%        4
 Yara's Violent Unravell  Hex/Tmut       0%         3d3       100%        5
 Enfeeble                 Hex            0%         N/A       100%        7
 Lehudib's Crystal Spear  Conj/Erth      0%         10d2      100%        8


Dungeon Overview and Level Annotations

Branches:
Dungeon (8/15)             Temple (1/1) D:7
   Lair: D:8-11

Altars:
Ashenzari
Cheibriados
Dithmenos
Elyvilon
Fedhas
Gozag
Hepliaklqana
Makhleb
Nemelex Xobeh
Trog
Uskayaw
Wu Jian
Zin
The Shining One

Shops:
D:2 *(*=(   D:4 (

Annotations:
D:6 Jeremiah


Innate Abilities, Weirdness & Mutations

You are too large for most types of armour.
You have claws for hands.
Your natural rate of healing is unusually fast.
You are covered in fur. (AC +1)
You have tough skin. (AC +1)


Message History

The two-headed ogre is moderately wounded.
The orc hits you with a +0 mace.
The two-headed ogre completely misses you.
The two-headed ogre hits you with a +0 giant club!
You barely miss the two-headed ogre.
The two-headed ogre is moderately wounded.
The orc hits you but does no damage.
The two-headed ogre hits you with a +0 giant spiked club.
You block the two-headed ogre's attack.
You claw the two-headed ogre!
The two-headed ogre is moderately wounded.
You block the orc's attack.
You barely miss the two-headed ogre.
The two-headed ogre is moderately wounded.
The orc hits you with a +0 mace.
The two-headed ogre hits you with a +0 giant spiked club!
The two-headed ogre hits you with a +0 giant club!
You are too injured to fight recklessly!
You are too injured to fight recklessly!
You are too injured to fight recklessly!
You are too injured to fight recklessly!
You are too injured to fight recklessly!
You are too injured to fight recklessly!
You are too injured to fight recklessly!
You are too injured to fight recklessly!
You are too injured to fight recklessly!
You are too injured to fight recklessly!
You are too injured to fight recklessly!
You are too injured to fight recklessly!
You are too injured to fight recklessly!
You are too injured to fight recklessly!
You are too injured to fight recklessly!
You are too injured to fight recklessly!
You are too injured to fight recklessly!
You claw the orc!
You kill the orc!
The two-headed ogre hits you with a +0 giant spiked club!
* * * LOW HITPOINT WARNING * * *
The two-headed ogre hits you with a +0 giant club!!
You die...

#####
#...###
#.<...###...
#...@)......
###..O.8....
###.....##
#...## #.##
.# #


You could see a two-headed ogre.

Vanquished Creatures
  Sigmund (D:2)
  Eustachio (D:4)
  A steam dragon (D:5)
  A water moccasin (D:6)
  An ice beast (D:7)
  An ogre (D:5)
  A centaur (D:5)
  2 phantoms
  2 bullfrogs
  A kobold brigand (D:7)
  3 scorpions
  A howler monkey (D:7)
  3 hounds
  An orc priest (D:4)
  Jessica (D:2)
  3 iguanas
  2 sleepcaps
  2 orc wizards (D:7)
  10 gnolls
  5 adders
  A white imp (D:6)
  2 ufetubi (D:6)
  4 worms
  11 orcs
  10 endoplasms
  6 giant cockroaches
  3 goblins
  5 hobgoblins
  5 jackals
  2 quokkas
  6 ball pythons
  5 bats
  3 frilled lizards (D:1)
  10 kobolds
  6 rats
122 creatures vanquished.

Notes
Turn   | Place    | Note
-------+----------+-------------------------------------------
     0 | D:1      | Maratek the Troll Fighter began the quest for the Orb.
     0 | D:1      | Reached XP level 1. HP: 22/22 MP: 0/0
   181 | D:1      | Reached XP level 2. HP: 29/29 MP: 1/1
   643 | D:2      | Found a faded altar of an unknown god.
   652 | D:2      | Noticed Jessica
   653 | D:2      | Killed Jessica
   654 | D:2      | Reached XP level 3. HP: 36/36 MP: 2/2
   704 | D:2      | Found Kegesioj's Weapon Emporium.
   924 | D:2      | Reached XP level 4. HP: 45/45 MP: 3/3
   938 | D:2      | Found Itelerek's Assorted Antiques.
  1045 | D:2      | Found Gauxyufi's General Store.
  1062 | D:2      | Found Fanoint's Jewellery Emporium.
  1199 | D:2      | Found Keoffoele's Weapon Emporium.
  1229 | D:2      | Noticed Sigmund
  1236 | D:2      | Killed Sigmund
  1237 | D:2      | Reached XP level 5. HP: 39/53 MP: 4/4
  1237 | D:2      | Reached XP level 6. HP: 45/61 MP: 5/5
  1726 | D:3      | HP: 1/61 [gnoll/+0 halberd (6)]
  1731 | D:3      | HP: 1/61 [endoplasm (3)]
  1980 | D:3      | Found a hide-covered altar of Uskayaw.
  2257 | D:4      | Reached XP level 7. HP: 64/68 MP: 6/6
  2387 | D:4      | Noticed Eustachio
  2399 | D:4      | Killed Eustachio
  2610 | D:4      | Found Xoiheot's Weapon Shoppe.
  2686 | D:5      | Entered Level 5 of the Dungeon
  2722 | D:5      | You fall into a shaft and drop 2 floors!
  2951 | D:6      | Reached skill level 5 in Shields
  2951 | D:6      | Reached skill level 5 in Unarmed Combat
  2951 | D:6      | Reached XP level 8. HP: 61/79 MP: 7/7
  3175 | D:5      | Reached skill level 5 in Fighting
  3175 | D:5      | Reached skill level 5 in Dodging
  3627 | D:6      | Noticed Jeremiah
  3860 | D:7      | Found a snail-covered altar of Cheibriados.
  4055 | D:7      | Found a staircase to the Ecumenical Temple.
  4070 | Temple   | Entered the Ecumenical Temple
  4076 | Temple   | Became a worshipper of Hepliaklqana the Forgotten
  4291 | D:8      | Noticed a two-headed ogre
  4301 | D:8      | Slain by a two-headed ogre

Illustrated notes

Levels and vault maps discovered:
D:1:      scummos_arrival_simple_fountains, layout_basic
D:2:      layout_loops_corners, chequers_ecumenical_altar_island, serial_shops,
          nicolae_shop_tiny_real_fake_doors, shop, nicolae_shop_peninsula, shop,
          shop_statue, kennysheep_flooded_box, uniq_jessica, uniq_sigmund
D:3:      layout_loops_ring, mainiacjoe_overflow_six_doors_small
D:4:      layout_rooms, serial_shops, shop, uniq_eustachio
D:5:      layout_basic
D:6:      layout_basic, kennysheep_decorative_pillar, hangedman_feature_mirror,
          sword_in_stone, uniq_jeremiah, uniq_edmund
D:7:      layout_loops_ring, cheibrodos_worm_habitat, minmay_temple_entry_grid
D:8:      layout_cave_pods, nicolae_yredelemnul_corpse_copse,
          grunt_temple_overflow_open, serial_shops, nicolae_shop_behind_doors,
          grunt_ministairs_12, uniq_pikel
Temple:   hellmonk_temple_two_chambers

Skill      XL: |  1  2  3  4  5  6  7  8 |
---------------+-------------------------+-----
Shields        | 3 4 5 6 |  6.0
Fighting       | 3 4 5 |  5.4
Dodging        | 3 4 5 |  5.4
Unarmed Combat | 3 4 5 6 |  6.1

Action                     |  1- 3 |  4- 6 |  7- 9 || total
---------------------------+-------+-------+-------++-------
  Melee: Unarmed           |    52 |   113 |   186 ||   351
  Throw: Large rock        |    24 |     2 |     2 ||    28
    Use: Scroll            |       |     9 |     6 ||    15
         Potion            |       |       |     2 ||     2
 Armour: Robe              |    22 |    75 |   122 ||   219
  Dodge: Dodged            |    24 |    45 |    66 ||   135
  Block: Kite shield       |    10 |    48 |    69 ||   127

Table legend: (Time is in decaauts)
 A = Elapsed time spent in this place.
 B = Non-inter-level travel time spent in this place.
 C = Inter-level travel time spent in this place.
 D = Time resting spent in this place.
 E = Time spent auto-exploring this place.
 F = Levels seen in this place.
 G = Mean time per level.
                   A        B        C        D        E       F      G
               +--------+--------+--------+--------+--------+-----+--------+
         Total |   4338 |   4118 |    220 |     44 |   3229 |   9 |  482.0 |
       Dungeon |   4325 |   4115 |    210 |     44 |   3229 |   8 |  540.6 |
        Temple |     12 |      2 |     10 |      0 |      0 |   1 |   12.0 |
               +--------+--------+--------+--------+--------+-----+--------+

Top non-repeatable levels by time:
     D:2: 1078 daAuts
     D:5: 694 daAuts
     D:7: 661 daAuts
     D:3: 617 daAuts
     D:1: 521 daAuts
     D:4: 505 daAuts
     D:6: 236 daAuts
  Temple: 12 daAuts
     D:8: 9 daAuts
